Map: Frost LE

Players

Nickos

  • Race: Terran Terran
  • League: Gold

Slither - Winner!

  • Race: Terran Terran
  • League: Gold

VOD

Have the link to the VOD?

Description

Time

  • Played on: Oct. 2, 2016, 11:49 p.m.
  • Length: 6:34
Show
View Real Time Build Order
Export as new Build Order

Nickos Terran 

Build Orders:  

Get SALT Encoding   

  12  0:00  SCV  
  13  0:13  SCV  
  14  0:17  Supply Depot  
  14  0:25  SCV  
  15  0:39  SCV  
  15  0:42  Barracks  
  16  0:51  SCV  
  17  1:03  SCV  
  18  1:15  SCV  
  19  1:29  Orbital Command  
  19  1:36  Command Center  
  19  1:39  Marine  
  19  1:42  Supply Depot  
  20  1:54  SCV  
  20  1:56  Barracks  
  20  2:00  Marine  
  22  2:07  SCV  
  23  2:20  SCV  
  23  2:21  Marine  
  25  2:25  Barracks  
  25  2:26  Refinery  
  25  2:27  Refinery  
  25  2:32  SCV  
  26  2:38  Marine  
  26  2:44  Marine  
  28  2:47  SCV  
  28  2:48  Orbital Command  
  29  2:56  Marine  
  30  2:59  SCV  
  31  3:09  Marine  
  31  3:11  SCV  
  33  3:12  Barracks Tech Lab  
  33  3:17  SCV  
  34  3:20  Supply Depot  
  34  3:23  SCV  
  35  3:32  Bunker, SCV  
  35  3:33  Stimpack  
  35  3:34  Marine x2  
  36  3:40  Factory, SCV  
  39  3:44  Barracks Reactor  
  38  3:49  SCV  
  38  3:52  SCV  
  41  4:01  SCV  
  41  4:03  Barracks Reactor, Marine  
  41  4:04  SCV  
  43  4:11  Supply Depot  
  43  4:13  SCV  
  43  4:16  SCV  
  45  4:23  Bunker  
  45  4:25  Marine  
  45  4:26  SCV, Marine  
  45  4:28  Starport, SCV  
  49  4:34  Marine  
  49  4:35  Supply Depot  
  49  4:37  Factory Reactor  
  50  4:42  SCV x2  
  50  4:43  Marine x3  
  50  4:44  Marine  
  56  4:54  SCV x2  
  56  4:56  Engineering Bay, Marine  
  56  4:57  Engineering Bay  
  59  5:00  Supply Depot  
  59  5:06  SCV x2  
  61  5:10  Marine x3  
  61  5:11  Marine  
  61  5:14  Marine  
  66  5:24  SCV x2  
  66  5:27  Medivac  
  70  5:34  Marine x3  
  70  5:35  Barracks x2, Marine x2  
  74  5:36  Barracks, SCV x2  
  74  5:39  Supply Depot  
  77  5:49  SCV  
  78  6:01  SCV, Marauder, Marine x4  
Show
View Real Time Build Order
Export as new Build Order

Slither Terran - Winner!

Build Orders: MMM Bio 

Get SALT Encoding   

  12  0:01  SCV  
  13  0:13  SCV  
  14  0:23  Supply Depot  
  14  0:25  SCV  
  15  0:31  Refinery  
  15  0:45  SCV  
  16  0:50  Barracks  
  16  0:57  SCV  
  17  1:05  Supply Depot  
  17  1:09  SCV  
  18  1:21  SCV  
  18  1:22  Barracks  
  19  1:37  Orbital Command  
  19  1:39  Marine  
  20  1:50  Factory  
  20  1:55  Refinery  
  20  1:59  Marine  
  21  2:05  SCV  
  22  2:10  Marine  
  23  2:19  Supply Depot  
  23  2:22  Barracks Tech Lab  
  23  2:28  Barracks Reactor  
  23  2:32  SCV  
  24  2:38  Starport  
  25  2:44  Hellion, SCV  
  27  2:53  Stimpack  
  27  2:55  Marine  
  28  3:04  Marine x2  
  30  3:07  Factory Tech Lab  
  30  3:19  Marine  
  30  3:22  Marine x2  
  30  3:23  Starport Reactor  
  33  3:37  Supply Depot, Marine  
  33  3:40  Marine x2  
  36  3:44  Siege Tank  
  39  3:58  Marine  
  39  3:59  Supply Depot  
  40  4:03  Medivac x2  
  40  4:06  Marine  
  40  4:08  Marine  
  46  4:16  Marine  
  47  4:20  Widow Mine  
  47  4:23  Marine  
  50  4:27  Supply Depot  
  50  4:32  Marine  
  50  4:33  Medivac  
  50  4:34  Marine  
  52  4:41  Marine  
  53  4:50  Marine  
  53  4:52  Marine  
  54  4:54  Combat Shields  
  54  4:59  Marine  
  56  5:08  Marine  
  56  5:10  Marine  
  58  5:17  Marine  
  59  5:23  Supply Depot  
  59  5:25  Marine  
  59  5:28  Marine  
  60  5:35  Marine  
  62  5:43  Marine  
  62  5:44  Medivac, Siege Tank  
  69  6:27  Supply Depot  
  69  6:29  Supply Depot  
Tags
 
Composition
MMM Bio
League
GoldGold
Matchup
TvT
Race
Terran
Replay Pack
Nickos replay
Add a new tag
Caveats
  • Supply blocks, unpowered buildings, or Contaminate may cause inaccurate times.
  • Supply counts are checked every 10 seconds.